 Dungeon Crawl Stone Soup version 0.22-a0-284-g99d1f7439c (webtiles) character file.

401 Pylon the Chopper (level 6, -2/56 HPs)
             Began as a Deep Dwarf Fighter on Mar 22, 2018.
             Slain by TryExcept's ghost (17 damage)
             ... on level 5 of the Dungeon.
             The game lasted 00:03:41 (2653 turns).

Pylon the Chopper (Deep Dwarf Fighter)              Turns: 2653, Time: 00:03:41

Health: -2/56      AC:  8    Str: 21    XL:     6   Next: 54%
Magic:  4/4        EV:  7    Int:  9    God:
Gold:   221        SH:  9    Dex: 12    Spells: 5/5 levels left

rFire    . . .     SeeInvis .   k - +3 hand axe (venom)
rCold    . . .     Gourm    .   c - +0 shield
rNeg     . . .     Faith    .   b - +0 scale mail
rPois    .         Spirit   .   (no helmet)
rElec    .         Reflect  .   (no cloak)
rCorr    .         Harm     .   (no gloves)
MR       .....                  l - +0 pair of boots (curse)
Stlth    ..........             (no amulet)
HPRegen  0.00/turn              r - ring of wizardry
MPRegen  0.09/turn              (no ring)

@: non-regenerating
A: damage resistance, heal wounds, sense surroundings 1, no regeneration
a: Heal Wounds


You were on level 5 of the Dungeon.
You were near starving.

You visited 1 branch of the dungeon, and saw 5 of its levels.

You collected 221 gold pieces.

Inventory:

Hand Weapons
 a - a +0 war axe
 k - a +3 hand axe of venom (weapon)
Armour
 b - a +0 scale mail (worn)
 c - a +0 shield (worn)
 l - a cursed +0 pair of boots (worn)
Jewellery
 r - a ring of wizardry (left hand)
Wands
 q - a wand of paralysis (10)
Scrolls
 g - 7 scrolls of identify {unknown}
 h - a scroll of noise {unknown}
 i - a scroll of fear {unknown}
 j - 6 scrolls of enchant weapon {unknown}
 m - a scroll of magic mapping {unknown}
 o - a scroll of blinking {unknown}
 s - 3 scrolls of teleportation {unknown}
 x - a scroll of remove curse {unknown}
Potions
 d - a potion of might
 e - 4 potions of curing {unknown}
 n - a potion of heal wounds {unknown}
 p - a potion of berserk rage {unknown}
 t - a potion of mutation {unknown}
 u - a potion of haste {unknown}
 v - a potion of flight {unknown}
 w - a potion of brilliance {unknown}
Comestibles
 f - 16 rations


   Skills:
 + Level 3.0 Fighting
 + Level 7.0 Axes
 + Level 3.7 Armour
 + Level 0.7 Dodging
 + Level 3.8 Shields


You had 5 spell levels left.
You didn't know any spells.

Dungeon Overview and Level Annotations

Branches:
Dungeon (5/15)
 Temple: D:4-7

Altars:
Yredelemnul

Annotations:
D:2 1 runed door
D:5 TryExcept's ghost, novice MiBe


Innate Abilities, Weirdness & Mutations

You are resistant to damage.
You can heal yourself by infusing magical energy.
You passively map a small area around you.
You do not regenerate.


Message History

You feel much better. TryExcept's ghost hits you!
You barely miss TryExcept's ghost.
TryExcept's ghost is lightly damaged.
TryExcept's ghost hits you.
TryExcept's ghost mumbles, "They all look like pillowcases to me..."
TryExcept's ghost barely misses you.
You hit TryExcept's ghost.
TryExcept's ghost is lightly damaged.
TryExcept's ghost hits you but does no damage.
You hit TryExcept's ghost.
TryExcept's ghost is lightly damaged.
TryExcept's ghost hits you!!
* * * LOW HITPOINT WARNING * * *
You hit TryExcept's ghost but do no damage.
TryExcept's ghost is lightly damaged.
You block TryExcept's ghost's attack.
You hit TryExcept's ghost.
TryExcept's ghost is lightly damaged.
TryExcept's ghost hits you!!
You die...

..#...#.###.####.#..#..###..
,
.....)..............#.......
.....) ..####.#.....###.. *
* #.# #.#.....# #.# . #
##.####'#..######..
..#.##..................
........................ ,
........###....#######.. ,
.......@.......# #.. ,
....##.W####.#.# #.. . ,
#..# #.#.# #.. #..#* #.#.#
#.. ...., .. ... * * ##..#
*.# * #.. ...# .#,* * * ##.#
*, *


You could see TryExcept's ghost.

Vanquished Creatures
  2 sky beasts
  An orc priest (D:4)
  An orc wizard (D:3)
  A bullfrog skeleton (D:4)
  2 adders (D:3)
  3 gnolls (D:2)
  2 worms
  4 dart slugs
  A leopard gecko (D:3)
  5 orcs
  10 bats
  4 giant cockroaches
  5 goblins
  7 hobgoblins
  2 jackals (D:3)
  13 kobolds
  A quokka (D:3)
  5 ball pythons
  6 frilled lizards
  7 rats
82 creatures vanquished.

Notes
Turn   | Place    | Note
-------+----------+-------------------------------------------
     0 | D:1      | Pylon the Deep Dwarf Fighter began the quest for the Orb.
     0 | D:1      | Reached XP level 1. HP: 20/20 MP: 1/1
   140 | D:1      | Reached skill level 3 in Axes
   142 | D:1      | Reached XP level 2. HP: 22/27 MP: 2/2
   356 | D:1      | Reached XP level 3. HP: 23/33 MP: 3/3
   461 | D:1      | Reached skill level 4 in Axes
   828 | D:2      | Reached XP level 4. HP: 26/40 MP: 4/4
   868 | D:2      | Found a runed door.
   868 | D:2      | Noticed a human
   872 | D:2      | Found a basalt altar of Yredelemnul.
   938 | D:2      | Reached skill level 5 in Axes
  1413 | D:3      | Reached XP level 5. HP: 20/46 MP: 5/5
  1644 | D:3      | Reached skill level 6 in Axes
  1963 | D:4      | Noticed a sky beast
  1973 | D:4      | Killed a sky beast
  1973 | D:4      | Reached XP level 6. HP: 22/55 MP: 5/5
  2414 | D:5      | Entered Level 5 of the Dungeon
  2450 | D:5      | Noticed a sky beast
  2467 | D:5      | Killed a sky beast
  2467 | D:5      | Reached skill level 7 in Axes
  2626 | D:5      | Noticed TryExcept's ghost (novice MiBe)
  2653 | D:5      | Slain by TryExcept's ghost

Vault maps used:
D:1:      minmay_arrival_solitary_statue
D:2:      dk_yredelemnul_ordeal
D:3:      first_ration
D:4:      serial_bayou_crossing

Skill      XL: |  1  2  3  4  5  6 |
---------------+-------------------+-----
Axes           | 3 4 5 6 7 |  7.0
Fighting       | 3 |  3.0
Armour         | |  3.7
Dodging        | |  0.7
Shields        | |  3.8

Action                   |  1- 3 |  4- 6 || total
-------------------------+-------+-------++-------
Melee: War axe           |    35 |       ||    35
       Hand axe          |    56 |   136 ||   192
 Abil: Heal Wounds       |       |     4 ||     4
  Eat: Chunk             |       |     4 ||     4
Armor: Scale mail        |    39 |    46 ||    85
Dodge: Dodged            |    29 |    26 ||    55
Block: Shield            |    49 |    53 ||   102

Table legend:
 A = Spawn XP
 B = Non-spawn XP
 C = Spawn XP percentage of total XP
 D = Spawn monster count
 E = Non-spawn monster count
 F = Spawn count percentage of total count
 G = Total turns spent on level
                    A         B        C        D         E        F      G
               +---------+---------+-------+---------+---------+-------+---------
         Total |       0 |     574 |   0.0 |       0 |      82 |   0.0 |  2653
               +---------+---------+-------+---------+---------+-------+---------
           D:1 |       0 |      45 |   0.0 |       0 |      25 |   0.0 |   590
           D:2 |       0 |      75 |   0.0 |       0 |      21 |   0.0 |   605
           D:3 |       0 |     113 |   0.0 |       0 |      28 |   0.0 |   626
           D:4 |       0 |     217 |   0.0 |       0 |       7 |   0.0 |   593
           D:5 |       0 |     124 |   0.0 |       0 |       1 |   0.0 |   239
               +---------+---------+-------+---------+---------+-------+---------
